 Dungeon Crawl Stone Soup version 0.28-a0-1382-g92835e5 (webtiles) character file.

Game seed: 6248593837656371053

3268 Dorkslayer the Slasher (level 10, -6/66 HPs)
             Began as an Octopode Fighter on Jan 1, 2022.
             Was an Initiate of Gozag.
             Mangled by a two-headed ogre (17 damage)
             ... on level 8 of the Dungeon.
             The game lasted 00:25:18 (8529 turns).

Dorkslayer the Slasher (Octopode Fighter)           Turns: 8529, Time: 00:25:20

Health: -6/66      AC:  1    Str: 24    XL:     10   Next: 0%
Magic:  10/10      EV: 15    Int: 13    God:    Gozag
Gold:   351        SH:  7    Dex: 18    Spells: 9/9 levels left

rFire   . . .      SeeInvis .   a - +0 long sword
rCold   + . .      Faith    .   b - +1 buckler
rNeg    . . .      Spirit   .   (helmet restricted)
rPois   +          Reflect  .   (no amulet)
rElec   .          Harm     .   t - +6 ring of strength
rCorr   +          Rampage  .   u - ring "Ontimiomn" {rPois rCorr Int+3 Dex+4}
Will    .....                   j - ring of protection from cold
Stlth   +++++.....              (no ring)
HPRegen 0.21/turn               (no ring)
MPRegen 0.12/turn               (no ring)
                                (no ring)
                                (no ring)

@: no status effects
A: almost no armour, amphibious, 8 rings, camouflage 1, gelatinous body 1,
(nimble swimmer 1), tentacles
a: Renounce Religion, Potion Petition, Call Merchant, Bribe Branch


You were on level 8 of the Dungeon.
You worshipped Gozag.
Gozag was aware of your devotion.
You visited 2 branches of the dungeon, and saw 9 of its levels.
You also visited: Ossuary.

You collected 996 gold pieces.
You spent 564 gold pieces at shops.
You paid 81 gold pieces to Gozag.

Inventory:

Hand Weapons
 a - a +0 long sword (weapon)
Missiles
 c - 2 boomerangs (quivered)
 A - 28 poisoned darts
Armour
 b - a +1 buckler (worn)
 g - the +1 buckler of Prudence {*Corrode rF++ Str+3 Slay+6}
   (You acquired it on level 7 of the Dungeon)

   Str:       It affects your strength (+3).
   Slay:      It affects your accuracy & damage with ranged weapons and melee
   (+6).
   rF:        It greatly protects you from fire.
   *Corrode:  It may corrode you when you take damage.
 n - the +2 hat of Hadjma {rN+ SInv}
   (You acquired it on level 7 of the Dungeon)

   rN:        It protects you from negative energy.
   SInv:      It lets you see invisible.
Jewellery
 j - a ring of protection from cold (on tentacle)
 t - a +6 ring of strength (left tentacle)
 u - the ring "Ontimiomn" (right tentacle) {rPois rCorr Int+3 Dex+4}
   (You found it on level 4 of the Dungeon)

   [ring of resist corrosion]

   Int:       It affects your intelligence (+3).
   Dex:       It affects your dexterity (+4).
   rPois:     It protects you from poison.
   rCorr:     It protects you from acid and corrosion.
 E - a ring of flight
Wands
 w - a wand of iceblast (11)
 x - a wand of polymorph (26)
 C - a wand of acid (14)
Scrolls
 d - 3 scrolls of teleportation
 f - a scroll of amnesia
 i - a scroll of fog {unknown}
 k - a scroll of brand weapon {unknown}
 l - a scroll of silence
 m - 2 scrolls of magic mapping
 o - a scroll of enchant weapon {unknown}
 p - 2 scrolls of blinking
 r - 2 scrolls of immolation
 y - a scroll of torment {unknown}
 z - a scroll of noise {unknown}
Potions
 e - 2 potions of curing
 q - 3 potions of invisibility
 s - 3 potions of flight
 v - a potion of lignification {unknown}
 B - a potion of cancellation {unknown}
 D - a potion of mutation {unknown}
 F - a potion of brilliance {unknown}


   Skills:
 + Level 5.2 Fighting
 + Level 7.6 Long Blades
 * Level 5.1 Throwing
 + Level 5.0 Dodging
 + Level 6.9 Stealth
 + Level 4.7 Shields
 * Level 5.9 Evocations


You had 9 spell levels left.
You didn't know any spells.
Your spell library contained the following spells:

 Spells                   Type           Power      Damage    Failure   Level
 Ensorcelled Hibernation  Hex/Ice        0%         N/A       43%         2
 Tukima's Dance           Hex            0%         N/A       67%         3
 Passage of Golubria      Tloc           0%         N/A       97%         4
 Yara's Violent Unravell  Hex/Tmut       0%         3d3       100%        5
 Enfeeble                 Hex            0%         N/A       100%        7


Dungeon Overview and Level Annotations

Branches:
Dungeon (8/15)             Temple (1/1) D:6         Ossuary (visited)
   Lair: D:8-11

Altars:
Ashenzari
Cheibriados
Dithmenos
Elyvilon
Gozag
Kikubaaqudgha
Nemelex Xobeh
Okawaru
Qazlal
Ru
Sif Muna
Trog
Uskayaw
Vehumet
Wu Jian
Xom
Yredelemnul
Zin

Shops:
D:1 *   D:8 *


Innate Abilities, Weirdness & Mutations

You cannot wear most types of armour.
You are amphibious.
You can wear up to eight rings at the same time.
Your skin changes colour to match your surroundings (Stealth+).
Your rubbery body absorbs attacks. (AC +1, EV +1)
((You are camouflaged when in or above water. (Stealth+)))
You have tentacles for arms and can constrict up to eight enemies at once.


Message History

F - a purple potion A two-headed ogre and a necrophage come into view.
Throw: dart (curare)
Press: ? - help, Q - select action, (/) - cycle Shift-Dir - straight line, f - two-headed ogre
Aim: a two-headed ogre, wielding a +0 giant spiked club and a +0 giant club (asleep, 98% to hit)
You throw a curare-tipped dart.
The curare-tipped dart hits the two-headed ogre.
The two-headed ogre is poisoned.
The two-headed ogre convulses.
The two-headed ogre seems to slow down.
The two-headed ogre shouts in stereo!
The two-headed ogre is lightly wounded.
Throw: 2 boomerangs
Press: ? - help, Q - select action, (/) - cycle Shift-Dir - straight line, f/p - two-headed ogre
Aim: a two-headed ogre, wielding a +0 giant spiked club and a +0 giant club (lightly wounded, very poisoned, slow, 78% to hit)
You throw a boomerang. The boomerang hits the two-headed ogre!
The two-headed ogre is moderately wounded.
Throw: 2 boomerangs
Press: ? - help, Q - select action, (/) - cycle Shift-Dir - straight line, f/p - two-headed ogre
Aim: a two-headed ogre, wielding a +0 giant spiked club and a +0 giant club (moderately wounded, very poisoned, slow, 78% to hit)
You throw a boomerang.
The boomerang hits the two-headed ogre but does no damage.
The two-headed ogre is moderately wounded.
Throw: 2 boomerangs
Press: ? - help, Q - select action, (/) - cycle Shift-Dir - straight line, f/p - two-headed ogre
Aim: a two-headed ogre, wielding a +0 giant spiked club and a +0 giant club (moderately wounded, very poisoned, slow, 78% to hit)
You throw a boomerang. The boomerang hits the two-headed ogre.
The two-headed ogre is moderately wounded.
You hit the two-headed ogre but do no damage.
The two-headed ogre is moderately wounded.
You hit the two-headed ogre. You squeeze the two-headed ogre.
The two-headed ogre is severely wounded.
The two-headed ogre closely misses you.
The two-headed ogre hits you with a +0 giant club!!
You slash the two-headed ogre! You squeeze the two-headed ogre.
The two-headed ogre is almost dead.
The two-headed ogre hits you with a +0 giant spiked club!!
* * * LOW HITPOINT WARNING * * *
The two-headed ogre hits you with a +0 giant club!
You die...
Your body crumbles into a pile of gold.

... .## ... #..####
.#.. ##....... .....
#......... .....##
##...#.....
...(..n###..........
......O............ .
#@.........#
....##.........##
.#...........#
.........#.....#
...n.....###....###..
..####..## #........#
...##...# ##.........
#..#...###..#.......
#.........####.....


You could see a two-headed ogre (poisoned, slow) and a necrophage.

Vanquished Creatures
  Pikel (D:5)
  Maurice (D:8)
  Prince Ribbit (D:7)
  Eustachio (D:5)
  A steam dragon (D:8)
  An acid dragon (D:6)
  An orc warrior (D:7)
  3 ogres
  2 centaurs (D:6)
  A phantom (D:5)
  A lemure (D:5)
  An elf zombie (Ossuary)
  2 bullfrogs
  A wyvern zombie (D:6)
  2 scorpions
  2 water moccasin zombies
  A howler monkey (D:7)
  5 electric eels (D:7)
  An orc priest (D:8)
  2 hounds (D:5)
  A human zombie (Ossuary)
  A centaur skeleton (D:5)
  Ijyb (D:3)
  2 jellies
  2 iguanas
  3 orc wizards
  A killer bee zombie (D:7)
  2 mummies (Ossuary)
  3 gnolls (D:5)
  8 adders
  A shadow imp (D:7)
  A white imp (D:7)
  2 ufetubi (D:5)
  An adder skeleton (D:4)
  4 dart slugs
  19 orcs
  7 ball pythons
  3 bats
  4 endoplasms
  2 giant cockroaches
  6 goblins
  8 hobgoblins
  7 kobolds
  2 quokkas
  A frilled lizard (D:2)
  5 gnoll zombies (Ossuary)
  A goblin zombie (Ossuary)
  3 hobgoblin zombies (Ossuary)
  3 orc zombies (Ossuary)
  7 rats
142 creatures vanquished.

Vanquished Creatures (others)
  A fungus (D:7)
  36 plants (D:7)
37 creatures vanquished.

Grand Total: 179 creatures vanquished

Notes
Turn   | Place    | Note
-------+----------+-------------------------------------------
     0 | D:1      | Dorkslayer the Octopode Fighter began the quest for the
                  | Orb.
     0 | D:1      | Reached XP level 1. HP: 16/16 MP: 1/1
   112 | D:1      | Found Xynnob's General Store.
   174 | D:1      | Reached XP level 2. HP: 15/21 MP: 2/2
   348 | D:1      | Bought 5 curare-tipped darts for 42 gold pieces
   410 | D:1      | Reached XP level 3. HP: 22/26 MP: 3/3
   813 | D:1      | Bought a scroll of magic mapping for 49 gold pieces
  1283 | D:2      | Reached XP level 4. HP: 29/31 MP: 4/4
  1761 | D:2      | Found a faded altar of an unknown god.
  2006 | D:3      | Noticed Ijyb
  2009 | D:3      | Reached skill level 1 in Stealth
  2015 | D:3      | Paralysed by Ijyb for 7 turns
  2025 | D:3      | Killed Ijyb
  2026 | D:3      | Reached skill level 3 in Long Blades
  2035 | D:3      | Reached XP level 5. HP: 34/36 MP: 5/5
  2102 | D:3      | Reached skill level 1 in Throwing
  2603 | D:4      | Reached skill level 1 in Evocations
  2639 | D:4      | Identified the ring "Ontimiomn" {rPois rCorr Int+3 Dex+4}
  2755 | D:4      | Noticed an ogre
  2760 | D:4      | Killed an ogre
  2761 | D:4      | Reached XP level 6. HP: 42/42 MP: 6/6
  3339 | D:4      | Reached skill level 4 in Long Blades
  3647 | D:5      | Entered Level 5 of the Dungeon
  3671 | D:5      | Noticed Pikel
  3684 | D:5      | Killed Pikel
  3685 | D:5      | Reached XP level 7. HP: 21/48 MP: 7/7
  3699 | D:5      | Reached skill level 5 in Long Blades
  3919 | D:5      | Reached XP level 8. HP: 19/54 MP: 8/8
  4659 | D:5      | Noticed Eustachio
  4666 | D:5      | Killed Eustachio
  4898 | D:6      | Found a staircase to the Ecumenical Temple.
  4906 | Temple   | Entered the Ecumenical Temple
  4909 | Temple   | Reached skill level 5 in Stealth
  5009 | Temple   | Became a worshipper of Gozag Ym Sagoz the Greedy
  5096 | D:6      | Found a sand-covered staircase.
  5105 | Ossuary  | Entered an ossuary
  5721 | D:6      | Reached skill level 6 in Long Blades
  5952 | D:6      | Reached XP level 9. HP: 12/59 MP: 9/9
  6486 | D:1      | Bought a scroll of immolation for 49 gold pieces
  6486 | D:1      | Bought a potion of invisibility for 112 gold pieces
  6486 | D:1      | Bought a scroll of enchant armour for 105 gold pieces
  6486 | D:1      | Bought 2 potions of flight for 84 gold pieces
  7107 | D:7      | Identified 2 scrolls of acquirement
  7107 | D:7      | Acquired the +1 buckler of Prudence {*Corrode rF++ Str+3
                  | Slay+6}
  7109 | D:7      | Acquired the +2 hat of Hadjma {rN+ SInv}
  7165 | D:7      | Reached skill level 5 in Evocations
  7236 | D:7      | Noticed Prince Ribbit
  7245 | D:7      | Killed Prince Ribbit
  7577 | D:7      | Reached skill level 7 in Long Blades
  7604 | D:7      | Reached skill level 5 in Fighting
  7728 | D:7      | Found a white marble altar of Elyvilon.
  8411 | D:8      | Noticed Maurice
  8434 | D:8      | Killed Maurice
  8435 | D:8      | Reached skill level 5 in Throwing
  8435 | D:8      | Reached skill level 5 in Dodging
  8435 | D:8      | Reached XP level 10. HP: 54/66 MP: 10/10
  8475 | D:8      | Found Muvurest's Assorted Antiques.
  8480 | D:8      | Bought a cyan potion for 18 gold pieces
  8480 | D:8      | Bought a moonstone ring for 105 gold pieces
  8517 | D:8      | Noticed a two-headed ogre
  8529 | D:8      | Mangled by a two-headed ogre

Illustrated notes

Levels and vault maps discovered:
D:1:      saegor_arrival_simple_a, layout_basic, serial_shops, shop
D:2:      layout_loops_ring, shapermc_ecumenical_altar_acropolis
D:3:      layout_rooms, uniq_ijyb
D:4:      layout_layer_cave, kennysheep_generic_room_10
D:5:      layout_loops_corners, st_stairs_4, uniq_pikel, uniq_eustachio
D:6:      layout_loops_ring, minmay_temple_entry_stoned_glass,
          lightli_ossuary_entry_decrepit_ruins
D:7:      layout_basic, elyvilon_altar_1, serial_bayou, serial_bayou_lagoon_a,
          serial_bayou_ford_a, serial_bayou_crossing, serial_bayou_lake_a,
          uniq_prince_ribbit1
D:8:      layout_layer_cave, serial_shops, nicolae_shop_hallway_stairs,
          nrook_campfire, uniq_maurice
Temple:   mainiacjoe_temple_archimedes_tessellation

Skill      XL: |  1  2  3  4  5  6  7  8  9 |
---------------+----------------------------+-----
Stealth        | 1 2 4 5 6 |  6.9
Long Blades    | 3 4 5 6 7 |  7.6
Throwing       | 1 2 4 5 |  5.1
Evocations     | 1 2 3 4 5 |  5.9
Fighting       | 4 5 |  5.2
Dodging        | 4 5 |  5.0
Shields        | 4 |  4.7

Action                   |  1- 3 |  4- 6 |  7- 9 | 10-12 || total
-------------------------+-------+-------+-------+-------++-------
Melee: Long sword        |    45 |    62 |   204 |     3 ||   314
       Constrict         |    12 |    12 |    58 |       ||    82
       Tentacles         |    10 |     6 |    68 |     2 ||    86
Throw: Dart              |       |    12 |    11 |     1 ||    24
       Boomerang         |       |       |       |     3 ||     3
Evoke: Wand              |       |       |     5 |       ||     5
  Use: Scroll            |     1 |     5 |     6 |       ||    12
       Potion            |       |     2 |     2 |       ||     4
 Stab: Sleeping          |     1 |     6 |     9 |       ||    16
       Distracted        |       |     1 |     1 |       ||     2
       Paralysed         |       |       |     1 |       ||     1
Armor: Skin              |     3 |     5 |     9 |       ||    17
Dodge: Dodged            |    33 |    36 |   102 |     1 ||   172
Block: Buckler           |     6 |     8 |    62 |       ||    76

Table legend: (Time is in decaauts)
 A = Elapsed time spent in this place.
 B = Non-inter-level travel time spent in this place.
 C = Inter-level travel time spent in this place.
 D = Time resting spent in this place.
 E = Time spent auto-exploring this place.
 F = Levels seen in this place.
 G = Mean time per level.
                   A        B        C        D        E       F      G
               +--------+--------+--------+--------+--------+-----+--------+
         Total |   8580 |   8311 |    269 |   2017 |   1869 |  10 |  858.0 |
       Dungeon |   8103 |   7834 |    269 |   1885 |   1869 |   8 | 1012.9 |
        Temple |    169 |    169 |      0 |      0 |      0 |   1 |  169.0 |
       Ossuary |    307 |    307 |      0 |    132 |      0 |   1 |  307.0 |
               +--------+--------+--------+--------+--------+-----+--------+

Top non-repeatable levels by time:
     D:7: 1482 daAuts
     D:4: 1390 daAuts
     D:6: 1341 daAuts
     D:5: 1279 daAuts
     D:2: 1008 daAuts
     D:1: 897 daAuts
     D:3: 562 daAuts
 Ossuary: 307 daAuts
  Temple: 169 daAuts
     D:8: 141 daAuts
